Map: Frost LE

Players

HabsExecutor - Winner!

  • Race: Protoss Protoss
  • League: Diamond

Zarkze

  • Race: Terran Terran
  • League: Gold

VOD

Have the link to the VOD?

Description

Time

  • Played on: July 1, 2016, 11:01 p.m.
  • Length: 6:20
Show
View Real Time Build Order
Export as new Build Order

HabsExecutor Protoss - Winner!

Build Orders: Nexus First 

Get SALT Encoding   

  12  0:04  Probe (Chrono Boost)  
  13  0:14  Probe (Chrono Boost)  
  14  0:24  Pylon  
  14  0:29  Probe (Chrono Boost)  
  15  0:42  Probe (Chrono Boost)  
  16  1:00  Nexus  
  16  1:03  Probe (Chrono Boost)  
  17  1:14  Gateway  
  17  1:17  Probe (Chrono Boost)  
  18  1:24  Assimilator  
  18  1:27  Assimilator  
  18  1:30  Probe (Chrono Boost)  
  19  1:39  Pylon  
  19  1:41  Probe (Chrono Boost)  
  20  1:52  Probe (Chrono Boost)  
  21  2:02  Probe (Chrono Boost)  
  21  2:07  Cybernetics Core  
  22  2:13  Probe x2 (Chrono Boost)  
  22  2:15  Pylon  
  24  2:23  Probe (Chrono Boost)  
  25  2:36  Warp Gate (Chrono Boost)  
  25  2:40  Probe (Chrono Boost)  
  26  2:47  Stargate  
  26  2:52  Stalker (Chrono Boost)  
  26  2:54  Probe  
  26  2:57  Pylon  
  29  3:04  Probe  
  30  3:07  Mothership Core  
  32  3:13  Pylon  
  32  3:14  Probe  
  33  3:21  Gateway  
  33  3:26  Probe  
  33  3:29  Probe  
  35  3:35  Void Ray (Chrono Boost)  
  35  3:39  Probe  
  40  3:41  Probe  
  41  3:49  Gateway  
  41  3:55  Gateway  
  41  3:56  Probe  
  41  3:58  Probe  
  43  4:08  Probe  
  44  4:10  Probe  
  45  4:22  Void Ray (Chrono Boost)  
  49  4:34  Probe x2  
  49  4:36  Pylon  
  51  4:40  Adept x2  
  53  4:47  Probe  
  53  4:48  Probe  
  55  4:59  Void Ray (Chrono Boost)  
  59  5:03  Adept x2  
  63  5:07  Adept x2  
  63  5:12  Assimilator  
  67  5:14  Assimilator  
  67  5:22  Probe x2  
  67  5:25  Adept x2  
  64  5:29  Nexus  
  64  5:34  Probe  
  64  5:35  Probe  
  66  5:39  Oracle (Chrono Boost)  
  60  6:04  Stalker x3  
  60  6:06  Zealot  
Show
View Real Time Build Order
Export as new Build Order

Zarkze Terran 

Build Orders:  

Get SALT Encoding   

  12  0:00  SCV  
  13  0:13  SCV  
  14  0:20  Supply Depot  
  14  0:25  SCV  
  15  0:42  SCV  
  16  0:43  Barracks  
  16  0:48  Refinery  
  16  0:54  SCV  
  17  0:57  Supply Depot  
  17  1:08  SCV  
  18  1:20  SCV  
  19  1:33  Reaper  
  19  1:37  Orbital Command  
  20  2:03  SCV  
  21  2:08  Command Center  
  21  2:12  Barracks Reactor  
  21  2:20  SCV  
  22  2:26  Factory  
  22  2:32  SCV  
  23  2:44  SCV  
  24  2:52  Refinery  
  24  2:53  Marine x2  
  24  2:56  SCV  
  27  3:00  Engineering Bay  
  27  3:08  SCV  
  27  3:11  Marine x2  
  30  3:15  Starport  
  30  3:19  Widow Mine  
  30  3:20  SCV  
  30  3:21  Supply Depot  
  33  3:28  Supply Depot  
  33  3:30  Marine x2  
  33  3:33  SCV  
  36  3:38  Orbital Command  
  36  3:45  SCV  
  37  3:53  Marine x2  
  37  3:55  Widow Mine, Medivac  
  43  4:05  SCV  
  44  4:17  SCV  
  45  4:23  Missile Turret  
  45  4:27  Marine  
  45  4:28  Widow Mine, Marine  
  45  4:29  SCV  
  52  4:34  Viking  
  50  4:52  Marine x2  
  52  5:00  Barracks  
  52  5:01  Widow Mine, Barracks  
  52  5:04  Medivac  
  56  5:10  Marine x2  
  56  5:28  Marine  
  56  5:29  Marine  
  56  5:30  SCV x2  
  56  5:32  Supply Depot  
  60  5:41  Supply Depot  
  60  5:42  SCV x2  
  62  5:54  SCV  
Tags
 
Add a new tag
Caveats
  • Supply blocks, unpowered buildings, or Contaminate may cause inaccurate times.
  • Supply counts are checked every 10 seconds.